 Dungeon Crawl Stone Soup version 0.27.1-2-g3b301248ec (webtiles) character file.

Game seed: 1585293712747717674

130 Descartes the Sneak (level 4, 0/18 HPs)
             Began as a Felid Venom Mage on Sept 25, 2021.
             Was an Initiate of Gozag.
             Killed by nerve-wracking pain
             ... invoked by an orc priest
              (1 damage)
             ... on level 4 of the Dungeon.
             The game lasted 00:09:16 (4618 turns).

Descartes the Sneak (Felid Venom Mage)              Turns: 4618, Time: 00:09:16

Health: 0/18       AC:  1    Str:  5    XL:     4   Next: 90%
Magic:  5/9        EV: 18    Int: 17    God:    Gozag
Gold:   131        SH:  0    Dex: 16    Spells: 6/8 levels left
                                        Lives:  0   Deaths: 1

rFire    . . .     SeeInvis +     - Unarmed
rCold    . . .     Faith    .   (shield unavailable)
rNeg     . . .     Spirit   .   (armour unavailable)
rPois    .         Reflect  .   (helmet unavailable)
rElec    .         Harm     .   (cloak unavailable)
rCorr    .         Rampage  .   (gloves unavailable)
Will     .....                  (boots unavailable)
Stlth    +++.......             (no amulet)
HPRegen  0.06/turn              (no ring)
MPRegen  0.11/turn              (no ring)

@: quick
A: very small, claws 1, fangs 3, see invisible, speed 1, shaggy fur 1, stealthy
paws, no weapons or thrown items, no armour, multi-lived
a: Renounce Religion, Potion Petition, Call Merchant, Bribe Branch


You were on level 4 of the Dungeon.
You worshipped Gozag.
Gozag was aware of your devotion.
You visited 2 branches of the dungeon, and saw 5 of its levels.

You collected 169 gold pieces.
You paid 38 gold pieces to Gozag.

Inventory:

Missiles
 d - 115 stones
Wands
 l - a wand of paralysis (13)
Scrolls
 a - a scroll of blinking {unknown}
 c - a scroll of fear {unknown}
 e - 2 scrolls of teleportation {unknown}
 k - a scroll of enchant weapon {unknown}
Potions
 b - a potion of curing {unknown}
 f - 2 potions of haste {unknown}
 g - 2 potions of degeneration {unknown}
 h - a potion of lignification {unknown}
 i - a potion of attraction {unknown}
 j - a potion of brilliance {unknown}


   Skills:
 + Level 3.8 Dodging
 + Level 4.3 Stealth
 + Level 1.9 Unarmed Combat
 + Level 2.7 Spellcasting
 + Level 2.7 Transmutations
 + Level 3.3 Poison Magic
 + Level 1.2 Evocations


You had 6 spell levels left.
You knew the following spells:

 Your Spells              Type           Power      Damage    Failure   Level
a - Sting                 Tmut/Pois      48%        1d5       5%          1
b - Beastly Appendage     Tmut           22%        N/A       6%          1

Your spell library contained the following spells:

 Spells                   Type           Power      Damage    Failure   Level
 Poisonous Vapours        Pois/Air       16%        N/A       14%         2
 Mephitic Cloud           Conj/Pois/Air  6%         N/A       34%         3
 Olgreb's Toxic Radiance  Pois           13%        N/A       41%         4


Dungeon Overview and Level Annotations

Branches:
Dungeon (4/15)             Temple (1/1) D:4

Altars:
Ashenzari
Cheibriados
Dithmenos
Elyvilon
Gozag
Makhleb
Nemelex Xobeh
Ru
Uskayaw
Vehumet
Wu Jian
Xom
Yredelemnul
Zin

Annotations:
D:3 Grinder


Innate Abilities, Weirdness & Mutations

You have sharp claws.
You have razor-sharp teeth.
You have supernaturally acute eyesight. (SInv)
You cover ground quickly. (Speed+)
You are covered in fur. (AC +1)
Your paws help you pounce on unaware monsters.
You are incapable of wielding weapons or throwing items.
You cannot wear armour.
You gain extra lives every three experience levels.


Message History

Press: ? - help, Shift-Dir - straight line, f/p - orc
Aim: an orc, wielding a +0 trident and wearing a +0 leather armour (71% to hit)
The sting misses the orc.
The orc misses you.
Casting: Sting (safe; 5% risk of failure)
Confirm with . or Enter, or press ? or * to list all spells.
Aiming: Sting (safe; 5% risk of failure)
Press: ? - help, Shift-Dir - straight line, f/p - orc
Aim: an orc, wielding a +0 trident and wearing a +0 leather armour (71% to hit)
The sting hits the orc.
The orc is poisoned.
The orc is heavily wounded.
You kill the orc!
An orc is nearby!
Casting: Sting (safe; 5% risk of failure)
Confirm with . or Enter, or press ? or * to list all spells.
You can't see any susceptible monsters within range! (Use Z to cast anyway.) Unknown command.
Casting: Sting (safe; 5% risk of failure)
Confirm with . or Enter, or press ? or * to list all spells.
Aiming: Sting (safe; 5% risk of failure)
Press: ? - help, Shift-Dir - straight line, f - orc
Aim: an orc, wielding a +0 hand axe (71% to hit)
The sting hits the orc.
The orc is poisoned.
The orc is almost dead.
You kill the orc!
An orc priest is nearby!
Casting: Sting (safe; 5% risk of failure)
Confirm with . or Enter, or press ? or * to list all spells.
Aiming: Sting (safe; 5% risk of failure)
Press: ? - help, Shift-Dir - straight line, f - orc priest
Aim: an orc priest, wielding a +0 dagger and wearing a +0 ring mail (wandering, hasn't noticed you, 75% to hit)
The sting misses the orc priest.
The orc priest shouts!
The orc priest calls down the wrath of Beogh upon you.
Beogh smites you!
Ouch! That really hurt!
* * * LOW HITPOINT WARNING * * *
The orc priest calls down the wrath of Beogh upon you.
Pain shoots through your body!
You die...
Your body crumbles into a pile of gold.

$ ###+###########
#.............#
#......######.#
+>....@#.####.#
#......#......######
######.#.#####.....#
####### #$# #.###.#
######.....#####o#
#.# #.#
.................#
#.# #.# ..
#...........### ..#
#.# .. #....[o.....#
######### #.#
...#..........)#
#....######.#


You could see an orc priest.

Vanquished Creatures
  A sky beast (D:3)
  An orc wizard (D:4)
  4 adders (D:3)
  A dart slug (D:1)
  7 orcs (D:4)
  4 bats
  3 endoplasms
  2 giant cockroaches (D:1)
  6 goblins
  10 hobgoblins
  6 jackals
  2 quokkas
  6 ball pythons
  4 frilled lizards
  3 kobolds
  2 rats (D:2)
62 creatures vanquished.

Vanquished Creatures (others)
  17 plants
17 creatures vanquished.

Grand Total: 79 creatures vanquished

Notes
Turn   | Place    | Note
-------+----------+-------------------------------------------
     0 | D:1      | Descartes the Felid Venom Mage began the quest for the Orb.
     0 | D:1      | Reached XP level 1. HP: 7/7 MP: 4/4
   512 | D:1      | Reached skill level 3 in Stealth
   512 | D:1      | Reached XP level 2. HP: 11/11 MP: 4/6
   574 | D:1      | Found a faded altar of an unknown god.
   593 | D:1      | Got Plato's Reference Book on Moulding
   596 | D:1      | Learned a level 1 spell: Beastly Appendage
  1291 | D:2      | Found a burning altar of Makhleb.
  1302 | D:2      | Reached XP level 3. HP: 14/14 MP: 1/7
  1474 | D:2      | Reached skill level 1 in Unarmed Combat
  2910 | D:3      | Noticed a water moccasin
  3152 | D:4      | Found a staircase to the Ecumenical Temple.
  3158 | Temple   | Entered the Ecumenical Temple
  3252 | Temple   | Became a worshipper of Gozag Ym Sagoz the Greedy
  3324 | D:4      | Reached XP level 4. HP: 18/18 MP: 3/8
  4362 | D:3      | Noticed a sky beast
  4407 | D:3      | Killed a sky beast
  4408 | D:3      | Reached skill level 4 in Stealth
  4408 | D:3      | Reached skill level 1 in Evocations
  4408 | D:3      | Reached XP level 5. HP: 15/21 MP: 3/10
  4524 | D:3      | Noticed Grinder
  4525 | D:3      | Paralysed by Grinder for 7 turns
  4531 | D:3      | Slain by Grinder
  4532 | D:3      | Reached XP level 4. HP: -2/18 MP: 9/9
  4618 | D:4      | Killed from afar by an orc priest

Illustrated notes

Levels and vault maps discovered:
D:1:      nzn_arrival_crosshair, layout_basic,
          shapermc_ecumenical_altar_rom_forum
D:2:      layout_basic, basic_altar
D:3:      layout_basic, serial_bayou_pond_c, uniq_grinder
D:4:      layout_basic, minmay_temple_entry_fiery, hex_intersection
Temple:   nicolae_temple_great_sept

Skill      XL: |  1  2  3  4 |
---------------+-------------+-----
Stealth        | 3 4 |  4.3
Dodging        | 3 |  3.8
Unarmed Combat | 1 |  1.9
Poison Magic   | 3 |  3.3
Transmutations | 2 |  2.7
Evocations     | 1 |  1.2
Spellcasting   | |  2.7

Action                   |  1- 3 |  4- 6 || total
-------------------------+-------+-------++-------
Melee: Unarmed           |    26 |     7 ||    33
       Bite              |     1 |       ||     1
       Headbutt          |       |     1 ||     1
 Cast: Sting             |    77 |    37 ||   114
       Beastly Appendage |     2 |     3 ||     5
 Stab: Sleeping          |     3 |     2 ||     5
Armor: Skin              |     7 |     2 ||     9
Dodge: Dodged            |    59 |    17 ||    76
